Map: Jagannatha LE

Players

Heeebster

  • Race: Protoss Protoss
  • League: Diamond
  • Spawn Location: 1:00

LuDo - Winner!

  • Race: Protoss Protoss
  • League: Master
  • Spawn Location: 7:00

VOD

Have the link to the VOD?

Description

Time

  • Played on: Nov. 16, 2020, 7:30 p.m.
  • Length: 5:53
Show
View Real Time Build Order
Export as new Build Order

Heeebster Protoss 

Build Orders:  

Get SALT Encoding   

  12  0:00  Probe  
  13  0:12  Probe  
  14  0:17  Pylon  
  14  0:24  Probe (Chrono Boost)  
  15  0:37  Probe (Chrono Boost)  
  15  0:41  Gateway  
  16  0:45  Probe (Chrono Boost)  
  16  0:46  Assimilator  
  17  0:51  Probe  
  17  0:56  Assimilator  
  18  1:03  Probe  
  19  1:15  Probe  
  20  1:22  Pylon  
  20  1:27  Probe (Chrono Boost)  
  21  1:33  Cybernetics Core  
  21  1:35  Pylon  
  22  1:40  Probe (Chrono Boost)  
  22  1:46  Probe (Chrono Boost)  
  23  1:54  Probe  
  24  2:07  Stalker (Chrono Boost)  
  24  2:10  Warp Gate  
  26  2:16  Robotics Facility  
  26  2:30  Stalker  
  28  2:49  Gateway  
  28  2:50  Gateway  
  28  3:02  Gateway  
  28  3:06  Immortal (Chrono Boost)  
  32  3:20  Pylon  
  32  3:40  Immortal (Chrono Boost)  
  36  4:03  Stalker  
  38  4:11  Pylon  
  36  4:18  Pylon  
  31  4:28  Immortal  
  9  5:05  Immortal (Chrono Boost)  
  9  5:30  Shield Battery  
  9  5:36  Observer (Chrono Boost)  
Show
View Real Time Build Order
Export as new Build Order

LuDo Protoss - Winner!

Build Orders:  

Get SALT Encoding   

  12  0:00  Probe  
  13  0:12  Probe  
  14  0:19  Pylon  
  14  0:25  Probe (Chrono Boost)  
  15  0:38  Probe (Chrono Boost)  
  16  0:43  Gateway  
  16  0:46  Probe (Chrono Boost)  
  17  0:52  Probe  
  17  0:55  Assimilator  
  18  1:00  Assimilator  
  18  1:04  Probe  
  19  1:14  Gateway  
  19  1:17  Probe  
  20  1:29  Probe  
  21  1:33  Cybernetics Core  
  21  1:41  Probe  
  21  1:42  Pylon  
  22  1:53  Probe  
  23  2:05  Probe  
  24  2:08  Warp Gate (Chrono Boost)  
  24  2:10  Stalker  
  24  2:11  Stalker  
  24  2:12  Pylon  
  28  2:17  Probe  
  29  2:28  Pylon  
  29  2:40  Stalker x2  
  33  2:48  Gateway  
  33  2:54  Pylon  
  33  2:58  Probe  
  34  3:01  Pylon  
  34  3:06  Shield Battery  
  34  3:38  Stalker x2  
  37  3:45  Stalker  
  39  3:59  Pylon  
  39  4:03  Stalker x2  
  43  4:11  Sentry  
  45  4:19  Pylon x2  
  45  4:29  Sentry x2  
  49  4:35  Pylon  
  41  4:59  Stalker x2  
  37  5:15  Gateway  
  37  5:17  Gateway  
  37  5:24  Stalker x2  
Tags
 
Matchup
PvP
Replay Pack
Replays
Spawn Locations
Cross Positions
Add a new tag
Caveats
  • Supply blocks, unpowered buildings, or Contaminate may cause inaccurate times.
  • Supply counts are checked every 10 seconds.